Map: Jagannatha LE

Players

INnoVation - Winner!

  • Race: Terran Terran
  • Spawn Location: 1:00

TIME (Oliveira)

  • Race: Terran Terran
  • Spawn Location: 7:00

Event: IEM Katowice 2021

VOD

Have the link to the VOD?

Description

Time

  • Played on: Feb. 23, 2021, 8:16 a.m.
  • Length: 14:28

All games in this series

Show
View Real Time Build Order
Export as new Build Order

INnoVation Terran - Winner!

Build Orders:  

Get SALT Encoding   

  12  0:00  SCV  
  13  0:12  SCV  
  14  0:17  Supply Depot  
  14  0:24  SCV  
  15  0:38  SCV  
  15  0:40  Barracks  
  16  0:44  Refinery  
  16  0:50  SCV  
  16  0:54  Refinery  
  17  1:02  SCV  
  18  1:14  SCV  
  19  1:26  Reaper, Orbital Command  
  19  1:28  Supply Depot  
  20  1:43  Factory  
  20  1:52  SCV  
  21  1:58  Reaper  
  22  2:05  SCV  
  23  2:17  SCV  
  24  2:23  Command Center  
  24  2:30  SCV  
  24  2:33  Starport  
  25  2:37  Barracks Reactor  
  25  2:42  SCV  
  26  2:44  Supply Depot  
  26  2:48  Factory Tech Lab  
  26  2:54  SCV  
  27  3:06  SCV, Siege Tank  
  31  3:15  Marine x2  
  31  3:16  Refinery  
  31  3:18  SCV  
  34  3:22  Medivac  
  36  3:30  SCV  
  36  3:32  Marine x2  
  39  3:36  Orbital Command  
  39  3:42  Cyclone  
  39  3:45  SCV  
  43  3:52  Marine x2  
  43  3:53  Starport Tech Lab  
  45  3:57  Supply Depot  
  45  4:00  SCV  
  45  4:01  SCV  
  47  4:11  Raven  
  47  4:12  SCV, Marine x2  
  47  4:17  SCV  
  53  4:29  SCV  
  53  4:30  SCV  
  53  4:31  Supply Depot, Siege Tank  
  56  4:41  Marine x2  
  56  4:42  SCV x2  
  57  4:54  Raven, SCV  
  57  4:55  SCV  
  57  4:59  Marine x2, Supply Depot  
  63  5:03  Command Center  
  63  5:05  Siege Tank  
  66  5:07  SCV  
  66  5:08  SCV  
  68  5:17  Marine x2  
  68  5:18  Supply Depot  
  68  5:20  SCV x2  
  72  5:24  Refinery  
  72  5:29  Supply Depot  
  72  5:32  SCV x2  
  74  5:37  Siege Tank  
  77  5:44  SCV x2  
  77  5:49  Stimpack, Marine  
  80  5:50  Viking  
  80  5:52  Viking  
  80  5:56  SCV  
  80  5:57  SCV, Supply Depot  
  86  6:07  Marine  
  86  6:10  Barracks  
  86  6:11  Barracks  
  87  6:12  Siege Tank  
  87  6:14  Orbital Command  
  87  6:15  SCV x2  
  92  6:21  Viking  
  92  6:25  Viking  
  96  6:27  SCV  
  96  6:28  SCV  
  97  6:36  Orbital Command  
  97  6:39  SCV  
  99  6:41  Marine  
  99  6:44  SCV  
  100  6:50  Supply Depot, Siege Tank  
  100  6:51  Viking  
  104  6:55  Viking  
  104  6:57  SCV x2  
  104  6:58  Barracks Reactor x2  
  108  7:06  Engineering Bay  
  108  7:07  SCV, Engineering Bay  
  109  7:09  SCV  
  110  7:22  Viking  
  111  7:25  Viking  
  111  7:26  SCV x2  
  111  7:28  SCV  
  116  7:30  Combat Shield  
  116  7:31  Barracks  
  116  7:32  Barracks  
  116  7:36  Siege Tank  
  119  7:39  Supply Depot  
  119  7:42  Supply Depot, Terran Infantry Weapons Level 1  
  119  7:44  SCV  
  114  7:55  Marine x5, Terran Infantry Armor Level 1  
  114  7:56  SCV x2  
  114  7:57  SCV  
  104  8:08  SCV  
  104  8:09  SCV  
  101  8:13  Medivac x2  
  101  8:15  SCV  
  101  8:17  Supply Depot, Refinery x2, Barracks Reactor  
  106  8:20  SCV, Marine x5, Barracks Reactor  
  106  8:21  SCV  
  106  8:25  Siege Tank  
  116  8:28  SCV  
  116  8:33  SCV x2  
  119  8:37  Sensor Tower  
  119  8:42  Marine x3  
  119  8:43  Marine x2  
  119  8:45  SCV x3  
  127  8:53  Marine  
  127  8:54  Supply Depot, Armory  
  128  8:57  Siege Tank  
  128  9:00  Marine x4  
  128  9:01  Medivac  
  128  9:02  Marine x4  
  134  9:11  Marine  
  135  9:17  Medivac, Command Center, Supply Depot  
  135  9:18  Marine x4  
  135  9:22  Marine x2  
  135  9:23  Marine  
  144  9:29  Marine  
  145  9:31  Supply Depot, Siege Tank  
  145  9:32  Barracks Reactor  
  145  9:36  Marine x3  
  151  9:43  Terran Infantry Weapons Level 2  
  151  9:44  Marine x4  
  155  9:47  Marine  
  155  9:48  Terran Infantry Armor Level 2  
  155  9:50  Terran Vehicle Weapons Level 1  
  156  9:53  Marine  
  156  9:56  Factory  
  156  9:58  Marine  
  158  10:01  Marine  
  158  10:02  Marine x4  
  162  10:10  Viking x2  
  162  10:12  Marine  
  162  10:19  Siege Tank  
  152  10:21  Marine  
  152  10:26  Marine x3  
  152  10:27  Marine x5  
  157  10:30  Marine  
  135  10:39  Marine  
  135  10:40  Medivac x2  
  128  10:43  Marine  
  128  10:44  Marine x3, Planetary Fortress  
  128  10:45  Marine x4  
  128  10:46  SCV x2  
  128  10:47  SCV  
  128  10:48  Marine  
  137  10:50  Siege Tank  
  140  10:57  Marine, Siege Tank  
  140  11:01  Marine  
  140  11:02  Marine x3  
  148  11:09  Barracks x2  
  148  11:10  Marine x4  
  152  11:12  Medivac  
  152  11:14  Barracks  
  152  11:18  Medivac, Marine x2  
  157  11:19  Marine x3  
  157  11:23  Siege Tank  
  157  11:24  Marine  
  165  11:28  Marine x4  
  165  11:29  Siege Tank  
  165  11:31  Supply Depot  
  172  11:33  Supply Depot  
  172  11:36  Command Center  
  170  11:41  Marine x3  
  170  11:42  Medivac, Marine  
  170  11:44  Marine  
  176  11:47  Medivac  
  176  11:50  Marine x5  
  183  11:57  Barracks Reactor x2, Sensor Tower  
  183  11:59  Marine x2  
  183  12:00  Barracks Reactor  
  185  12:03  Siege Tank x2  
  191  12:14  Marine x8  
  199  12:16  Marine  
  199  12:18  Refinery x2  
  195  12:27  Marine  
  180  12:31  Marine  
  180  12:32  Marine x7  
  180  12:33  Medivac  
  180  12:34  Marine x2  
  180  12:35  Marine x3  
  155  12:38  Marine  
  155  12:39  Marine  
  155  12:43  Medivac  
  142  12:45  Marine  
  142  12:47  Siege Tank  
  142  12:49  Marine x6  
  142  12:50  Marine  
  149  12:53  Siege Tank  
  149  12:54  SCV  
  149  12:55  SCV x2  
  149  12:57  Marine  
  149  12:58  Marine x5  
  154  13:06  Medivac, Marine x3  
  154  13:07  Marine x2  
  161  13:13  Medivac  
  161  13:16  Marine x2  
  151  13:20  Siege Tank  
  151  13:23  Marine x8  
  151  13:25  Siege Tank  
  151  13:26  Planetary Fortress  
  157  13:35  Marine x8  
  157  13:40  Medivac  
  167  13:43  Medivac  
  167  13:45  Marine x3  
  167  13:46  Marine  
  173  13:53  Siege Tank  
  169  13:56  Marine x4  
  169  13:57  Marine  
  169  14:00  Marine  
  169  14:01  Marine  
  153  14:11  SCV x2  
  153  14:12  SCV  
  153  14:14  SCV  
Show
View Real Time Build Order
Export as new Build Order

TIME Terran 

Build Orders: Reaper Expand 

Get SALT Encoding   

  12  0:00  SCV  
  13  0:12  SCV  
  14  0:17  Supply Depot  
  14  0:25  SCV  
  15  0:39  SCV  
  15  0:40  Barracks  
  16  0:44  Refinery  
  16  0:51  SCV  
  17  1:03  SCV  
  18  1:15  SCV  
  19  1:28  Reaper, Orbital Command  
  20  1:43  Command Center  
  20  1:52  Supply Depot  
  20  1:55  SCV  
  20  2:00  Marine  
  22  2:07  SCV  
  23  2:11  Factory  
  23  2:18  Bunker  
  23  2:21  SCV  
  24  2:24  Barracks Reactor  
  24  2:28  Refinery  
  24  2:33  SCV  
  25  2:45  SCV  
  26  2:55  Orbital Command  
  26  2:56  Starport  
  26  2:57  SCV  
  27  3:04  Hellion  
  27  3:05  Hellion  
  31  3:10  Barracks Tech Lab  
  31  3:12  SCV  
  32  3:20  SCV  
  32  3:24  SCV  
  36  3:27  Hellion x2  
  39  3:34  SCV  
  39  3:35  Refinery  
  39  3:37  Raven  
  39  3:39  SCV  
  42  3:43  Supply Depot  
  42  3:47  SCV  
  43  3:50  Hellion  
  43  3:53  SCV  
  43  3:54  Barracks Tech Lab  
  46  3:59  Supply Depot  
  46  4:04  SCV  
  46  4:08  SCV  
  48  4:16  SCV  
  49  4:20  Raven, SCV  
  51  4:25  Marine  
  51  4:26  Cyclone, Marine  
  51  4:29  SCV  
  57  4:32  SCV  
  57  4:33  Supply Depot  
  56  4:43  Marine  
  56  4:44  Marine  
  56  4:45  SCV x2  
  56  4:47  Command Center  
  55  4:59  Siege Tank  
  58  5:05  SCV  
  60  5:07  SCV  
  60  5:09  Supply Depot  
  60  5:12  Supply Depot  
  60  5:14  Stimpack, Marine, Viking x2  
  64  5:17  SCV  
  64  5:19  SCV  
  67  5:31  Barracks, Siege Tank  
  67  5:32  SCV x2  
  67  5:33  Barracks  
  72  5:37  Marine  
  72  5:38  Refinery  
  73  5:44  SCV, Supply Depot  
  73  5:45  Viking  
  73  5:49  Viking  
  78  5:50  SCV  
  79  5:58  Engineering Bay  
  79  5:59  Engineering Bay  
  82  6:04  Siege Tank  
  82  6:06  SCV  
  82  6:08  SCV, Orbital Command  
  82  6:09  Marine  
  85  6:17  Viking  
  87  6:22  Viking  
  87  6:24  Barracks Reactor x2  
  89  6:28  SCV x2  
  89  6:33  Marine  
  89  6:37  Terran Infantry Weapons Level 1  
  90  6:40  Supply Depot, Orbital Command  
  90  6:42  Terran Infantry Armor Level 1  
  90  6:44  SCV  
  91  6:51  Barracks  
  91  6:52  Barracks  
  91  6:54  SCV  
  92  6:56  SCV  
  92  7:02  Refinery  
  92  7:04  Siege Tank, Viking  
  92  7:06  Marine x4  
  92  7:07  SCV  
  92  7:08  SCV, Refinery  
  102  7:09  SCV  
  102  7:15  Marine  
  102  7:22  Viking  
  102  7:23  SCV, Marine  
  102  7:26  SCV  
  102  7:31  Marine  
  102  7:35  SCV, Marine  
  102  7:36  Medivac  
  106  7:41  Supply Depot  
  106  7:42  Supply Depot  
  92  7:52  Medivac  
  92  7:56  Marine x3  
  92  7:57  Marine, Barracks Reactor  
  92  7:58  Barracks Reactor  
  73  8:02  SCV  
  73  8:05  Marine  
  75  8:07  Siege Tank  
  75  8:08  Combat Shield  
  77  8:14  Medivac, Marine x2  
  77  8:15  SCV x2  
  77  8:17  Armory  
  77  8:18  Marine  
  83  8:20  Marine  
  83  8:23  Marine  
  84  8:27  SCV x2  
  84  8:29  Viking  
  84  8:31  Orbital Command  
  84  8:32  Marine x2  
  90  8:34  Marine x4  
  90  8:36  Marine  
  90  8:39  SCV x2  
  90  8:41  Siege Tank  
  98  8:44  Marine x2  
  100  8:50  Marine x2  
  100  8:52  Marine  
  100  8:53  Marine  
  102  8:57  SCV x3  
  102  8:58  Marine  
  102  9:00  Marine  
  102  9:01  Marine  
  105  9:04  Marine  
  105  9:07  Marine  
  105  9:09  SCV  
  108  9:11  SCV  
  108  9:12  SCV  
  108  9:13  Marine, Supply Depot  
  108  9:16  Marine x2  
  113  9:20  Terran Infantry Weapons Level 2  
  113  9:25  Marine x2, Terran Infantry Armor Level 2  
  113  9:26  Marine  
  113  9:27  Marine  
  113  9:31  Marine x2  
  116  9:33  Marine  
  116  9:37  Marine x2  
  121  9:39  Siege Tank  
  121  9:40  Viking  
  121  9:41  SCV x3  
  121  9:44  Supply Depot  
  129  9:49  Marine x3, Refinery x2  
  129  9:52  Marine, Terran Vehicle Weapons Level 1  
  132  9:53  SCV, Marine  
  132  9:54  Marine  
  132  9:55  Marine  
  132  9:58  Marine  
  132  9:59  Marine  
  139  10:01  Sensor Tower  
  139  10:02  Viking  
  141  10:10  Marine x2  
  125  10:23  Marine x3  
  125  10:25  Marine x3  
  125  10:28  Medivac, Siege Tank  
  135  10:30  Command Center  
  119  10:36  Marine  
  119  10:37  Marine  
  119  10:41  Marine  
  119  10:42  Marine  
  110  10:44  SCV  
  110  10:45  SCV  
  110  10:46  Marine  
  113  10:50  Marine  
  113  10:53  Missile Turret x2  
  113  10:54  Factory  
  113  10:55  SCV  
  113  10:56  SCV, Marine x3  
  119  10:59  Medivac, Marine  
  119  11:00  Marine  
  119  11:01  Barracks Reactor  
  119  11:03  Siege Tank  
  119  11:04  Marine x2  
  127  11:08  Marine  
  129  11:11  SCV x3  
  129  11:14  Marine x3  
  129  11:15  Supply Depot x2  
  135  11:20  Marine  
  136  11:29  Viking  
  136  11:30  Marine x2  
  136  11:31  Marine  
  141  11:36  Siege Tank  
  141  11:37  Terran Infantry Weapons Level 3  
  143  11:40  Marine  
  143  11:44  Terran Infantry Armor Level 3  
  143  11:47  Marine x2  
  144  11:53  Missile Turret  
  144  11:56  Marine x2  
  145  12:02  Marine x4, Siege Tank  
  145  12:03  Liberator x2  
  145  12:08  Planetary Fortress  
  158  12:14  Marine x2  
  160  12:17  Marine  
  160  12:21  Marine  
  160  12:22  Marine  
  163  12:24  Siege Tank  
  163  12:25  Marine  
  163  12:26  Marine  
  162  12:32  Marine  
  162  12:34  Marine  
  118  12:37  Marine  
  118  12:38  Marine x2  
  118  12:39  Marine  
  118  12:40  Marine  
  118  12:42  Marine, Siege Tank  
  118  12:43  Marine x2  
  110  12:44  SCV  
  110  12:47  SCV  
  110  12:50  Marine  
  113  12:52  Marine  
  113  12:53  Viking x2  
  113  12:55  Marine  
  113  12:56  Marine x2  
  113  12:57  Marine  
  113  12:58  Marine  
  123  13:00  SCV x2  
  123  13:03  Marine  
  123  13:04  Marine  
  121  13:07  Marine  
  107  13:20  Marine  
  107  13:21  Marine  
  107  13:23  Marine x2  
  107  13:24  Marine  
  107  13:26  Siege Tank  
  111  13:30  SCV x2  
  111  13:32  SCV  
  114  13:35  Marine x3  
  114  13:37  Marine  
  114  13:38  Marine  
  119  13:45  Marine  
  119  13:46  Marine  
  124  13:52  Marine x2  
  124  13:55  Marine x2  
  112  14:04  Marine x2  
  112  14:05  Marine  
  97  14:10  Marine x2  

Tags
 
Add a new tag
Caveats
  • Supply blocks, unpowered buildings, or Contaminate may cause inaccurate times.
  • Supply counts are checked every 10 seconds.